 Dungeon Crawl Stone Soup version 0.30-a0-159-g068b764562 (webtiles) character file.

Game seed: 7634556090179827037

936 Monkooky the Prestidigitator (level 8, -4/28 (43) HPs)
             Began as a Kobold Artificer on Sept 27, 2022.
             Was a Believer of Uskayaw.
             Slain by a two-headed ogre
             ... wielding a +0 giant club
              (22 damage)
             ... on level 5 of the Dungeon.
             The game lasted 00:12:52 (7319 turns).

Monkooky the Prestidigitator (Kobold Artificer)     Turns: 7319, Time: 00:13:22

HP:   -4/28 (43)    AC:  6    Str: 10    XL:     8   Next: 33%
MP:   8/8           EV: 15    Int: 12    God:    Uskayaw [**....]
Gold: 173           SH:  0    Dex: 17    Spells: 7/7 levels left

rFire   + . .      SeeInvis .    w - +2 short sword (elec)
rCold   + . .      Faith    .    (no shield)
rNeg    . . .      Spirit   .    p - +2 robe {rC+}
rPois   .          Reflect  .    A - +0 helmet
rElec   .          Harm     .    m - scarf {+Inv}
rCorr   .          Rampage  .    (no gloves)
Will    .....                    E - +0 pair of boots
Stlth   +++.......               (no amulet)
HPRegen 0.09/turn                r - ring of protection from fire
MPRegen 0.11/turn                (no ring)

@: very slightly contaminated, studying Maces & Flails, very heavily drained,
invisible
A: small, no large weapons, nightstalker 3
a: Renounce Religion, Evoke Invisibility, Stomp, Line Pass


You were on level 5 of the Dungeon.
You worshipped Uskayaw.
Uskayaw was noncommittal.
You visited 2 branches of the dungeon, and saw 6 of its levels.

You collected 173 gold pieces.

Inventory:

Hand Weapons
 a - a +0 club
 j - a +0 dagger
 w - a +2 short sword of electrocution (weapon)
Missiles
 v - 11 poisoned darts
 C - 2 throwing nets
Armour
 b - a +0 leather armour
 g - a +0 ring mail
 h - a +0 plate armour
 k - a +3 chain mail
 m - a scarf of invisibility (worn)
 o - an orb of wrath
 p - a +2 robe of cold resistance (worn)
 A - a +0 helmet (worn)
 E - a +0 pair of boots (worn)
Magical Staves
 B - a staff of earth
Jewellery
 r - a ring of protection from fire (left hand)
 t - an amulet of magic regeneration
Wands
 d - a wand of charming (15)
 e - a wand of iceblast (5)
Scrolls
 c - a scroll of enchant weapon {unknown}
 n - 4 scrolls of identify {unknown}
 q - 2 scrolls of teleportation {unknown}
 y - 2 scrolls of noise {unknown}
Potions
 f - 2 potions of lignification
 i - 2 potions of attraction {unknown}
 l - a potion of flight {unknown}
 s - a potion of berserk rage {unknown}
 u - a potion of brilliance {unknown}
 x - 2 potions of curing {unknown}
 z - a potion of might {unknown}
 D - 2 potions of invisibility {unknown}


   Skills:
 - Level 1.1 Fighting
 + Level 7.9 Short Blades
 - Level 0.7 Armour
 - Level 2.4 Dodging
 - Level 3.0 Stealth
 - Level 8.4 Evocations


You had 7 spell levels left.
You didn't know any spells.
Your spell library contained the following spells:

 Spells                   Type           Power      Damage    Failure   Level
 Shock                    Conj/Air       0%         1d3       32%         1
 Summon Small Mammal      Summ           0%         N/A       32%         1
 Call Canine Familiar     Summ           0%         N/A       69%         3
 Summon Guardian Golem    Hex/Summ       0%         N/A       69%         3
 Swiftness                Air            0%         N/A       69%         3
 Airstrike                Air            0%         2d(0-16)  97%         4


Dungeon Overview and Level Annotations

Branches:
Dungeon (5/15)             Temple (1/1) D:4

Altars:
Cheibriados
Dithmenos
Elyvilon
Fedhas
Gozag
Hepliaklqana
Kikubaaqudgha
Makhleb
Nemelex Xobeh
Okawaru
Qazlal
Ru
Sif Muna
Trog
Uskayaw
Vehumet
Xom
Yredelemnul
Zin
The Shining One

Annotations:
D:2 exclusion: downstairs
D:3 exclusion: downstairs


Innate Abilities, Weirdness & Mutations

You are small and have problems with some larger weapons.
You are completely attuned to the shadows.


Message History

There is an open door here.
You barely miss the phantom. The phantom barely misses you.
You hit the phantom.
The phantom is lightly damaged.
You miss the phantom.
The phantom is lightly damaged.
The phantom misses you.
You closely miss the phantom.
The phantom is lightly damaged.
The phantom hits you but does no damage.
You hit the phantom. Lightning courses through the phantom!!
You destroy the phantom!
You can now pass through a line of other dancers.
There is an open door here.
You can no longer pass through a line of other dancers.
Found a scroll labelled IWENLAOTS.
You see here a worm corpse.
You feel drained.
You fail to use your ability.
You feel drained.
You fail to use your ability.
You feel drained.
You fade into invisibility!
You are very lightly contaminated with residual magic.
A necrophage comes into view.
Found 13 gold pieces.
The helpless two-headed ogre fails to defend itself.
You impale the two-headed ogre!!
The two-headed ogre is heavily wounded.
The two-headed ogre hits you with a +0 giant club!
The two-headed ogre completely misses you.
You hit the two-headed ogre.
Lightning courses through the two-headed ogre!!
The two-headed ogre is almost dead.
You can now pass through a line of other dancers.
You hit the two-headed ogre.
Lightning courses through the two-headed ogre!
The two-headed ogre is almost dead.
The two-headed ogre completely misses you.
The two-headed ogre hits you with a +0 giant spiked club!!
Ouch! That really hurt!
You die...

.$.. .
#.#.#.
..##......
n..O#?#.#.#.
....@.......
+####.#.#.#.
.##........
....#†#.#.#.
.......##..#
..####'##..#
..
#...##..####
+...........
#...##.<##.


You could see a two-headed ogre (unable to see you) and a necrophage (dormant).

Vanquished Creatures
  Menkaure (D:4)
  2 ice beasts (D:4)
  An ogre (D:4)
  2 phantoms (D:5)
  A necrophage (D:4)
  A howler monkey (D:4)
  2 hounds
  2 orc wizards
  Robin (D:3)
  6 adders
  4 worms
  7 dart slugs
  7 orcs
  9 endoplasms
  6 giant cockroaches (D:1)
  16 goblins
  7 hobgoblins
  9 jackals
  4 quokkas
  7 ball pythons
  4 bats
  7 kobolds
  9 rats
115 creatures vanquished.

Vanquished Creatures (others)
  6 plants (D:4)
6 creatures vanquished.

Grand Total: 121 creatures vanquished

Notes
Turn   | Place    | Note
-------+----------+-------------------------------------------
     0 | D:1      | Monkooky the Kobold Artificer began the quest for the Orb.
     0 | D:1      | Reached XP level 1. HP: 12/12 MP: 1/1
     4 | D:1      | Found a runed translucent door.
   152 | D:1      | Reached skill level 4 in Evocations
   166 | D:1      | Reached XP level 2. HP: 2/16 MP: 2/2
   773 | D:1      | Reached skill level 1 in Short Blades
  1172 | D:1      | Reached XP level 3. HP: 20/20 MP: 3/3
  1655 | D:1      | Reached skill level 5 in Evocations
  2551 | D:2      | Reached XP level 4. HP: 23/23 MP: 4/4
  3545 | D:3      | Reached XP level 5. HP: 24/29 MP: 5/5
  4517 | D:3      | Noticed Robin
  4836 | D:3      | Killed Robin
  5257 | D:4      | Reached skill level 6 in Evocations
  5257 | D:4      | Reached XP level 6. HP: 34/34 MP: 6/6
  5265 | D:4      | Noticed an ice beast
  5285 | D:4      | Killed an ice beast
  5286 | D:4      | Reached skill level 7 in Evocations
  5289 | D:4      | Noticed an ogre
  5446 | D:4      | Noticed Menkaure
  5449 | D:4      | Killed Menkaure
  5450 | D:4      | Reached skill level 8 in Evocations
  5450 | D:4      | Reached XP level 7. HP: 27/38 MP: 7/7
  5681 | D:4      | Reached skill level 5 in Short Blades
  6369 | D:4      | Found a staircase to the Ecumenical Temple.
  6377 | Temple   | Entered the Ecumenical Temple
  6705 | Temple   | Became a worshipper of Uskayaw the Reveller
  6802 | D:4      | Reached * piety under Uskayaw
  7053 | D:4      | Found a shimmering altar of Xom.
  7113 | D:4      | Reached ** piety under Uskayaw
  7114 | D:4      | Reached XP level 8. HP: 30/36 MP: 8/8
  7216 | D:5      | Entered Level 5 of the Dungeon
  7293 | D:5      | Noticed a two-headed ogre
  7319 | D:5      | Slain by a two-headed ogre

Illustrated notes

Levels and vault maps discovered:
D:1:      dpeg_arrival_caged_fury, layout_loops_ring
D:2:      layout_loops_ring, minivault_19, hangedman_decor_slide_cut
D:3:      layout_basic, kennysheep_generic_room_2, uniq_robin
D:4:      layout_loops_ring, xom_confusion_cloud, temple_hall,
          hangedman_decor_riveting, nicolae_zen_rock_garden, fountainhead,
          minmay_manual_maat, uniq_menkaure
D:5:      layout_gridville, enter_ossuary_4, st_stairs_10
Temple:   compressed_dpeg_triangle_lava_temple

Skill      XL: |  1  2  3  4  5  6  7  8 |
---------------+-------------------------+-----
Evocations     | 4 5 6 8 |  8.4
Short Blades   | 1 2 4 6 7 |  7.9
Stealth        | 3 |  3.0
Fighting       | |  1.1
Armour         | |  0.7
Dodging        | |  2.4

Action                   |  1- 3 |  4- 6 |  7- 9 || total
-------------------------+-------+-------+-------++-------
Melee: Club              |    49 |       |       ||    49
       Punch             |     2 |     3 |     3 ||     8
       Dagger            |   166 |    95 |       ||   261
       Short sword       |       |    93 |    97 ||   190
       Unarmed           |       |     5 |       ||     5
Throw: Dart              |       |     5 |       ||     5
 Abil: Evoke Invisibilit |       |       |     3 ||     3
Evoke: Wand              |     4 |     9 |     2 ||    15
  Use: Potion            |       |     1 |       ||     1
 Stab: Sleeping          |    10 |    13 |     5 ||    28
       Distracted        |     1 |     1 |     2 ||     4
       Invisible         |       |       |     2 ||     2
Armor: Ring mail         |    62 |       |       ||    62
       Chain mail        |    13 |       |       ||    13
       Robe              |     1 |    25 |    11 ||    37
       Skin              |       |     9 |       ||     9
Dodge: Dodged            |   132 |    98 |    40 ||   270

Table legend: (Time is in decaauts)
 A = Elapsed time spent in this place.
 B = Non-inter-level travel time spent in this place.
 C = Inter-level travel time spent in this place.
 D = Time resting spent in this place.
 E = Time spent auto-exploring this place.
 F = Levels seen in this place.
 G = Mean time per level.
                   A        B        C        D        E       F      G
               +--------+--------+--------+--------+--------+-----+--------+
         Total |   7273 |   7052 |    221 |    811 |   4840 |   6 | 1212.2 |
       Dungeon |   6931 |   6740 |    191 |    811 |   4546 |   5 | 1386.2 |
        Temple |    341 |    311 |     30 |      0 |    294 |   1 |  341.0 |
               +--------+--------+--------+--------+--------+-----+--------+

Top non-repeatable levels by time:
     D:1: 2216 daAuts
     D:4: 1628 daAuts
     D:3: 1503 daAuts
     D:2: 1485 daAuts
  Temple: 341 daAuts
     D:5: 97 daAuts
